 Dungeon Crawl Stone Soup version 0.30.1 (webtiles) character file.

Game seed: 2689750891133995460

196 ANNNA the Sneak (level 6, -2/32 HPs)
             Began as a Kobold Conjurer on July 5, 2023.
             Was an Initiate of Ashenzari.
             Succumbed to a kobold brigand's curare-tipped dart
             ... on level 5 of the Dungeon.
             The game lasted 00:13:46 (4183 turns).

ANNNA the Sneak (Kobold Conjurer)                   Turns: 4183, Time: 00:13:47

Health: -2/32      AC:  3    Str:  6    XL:     6   Next: 4%
Magic:  8/10       EV: 14    Int: 19    God:    Ashenzari [......]
Gold:   316        SH:  0    Dex: 14    Spells: 7/11 levels left

rFire   . . .        j - +0 dagger
rCold   . . .        (no shield)
rNeg    . . .        c - +0 leather armour
rPois   .            (no helmet)
rElec   .            (no cloak)
rCorr   .            (no gloves)
SInv    .            (no boots)
Will    .....        o - amulet of magic regeneration
Stlth   ++++         h - ring of wizardry
HPRegen 0.25/turn    q - ring of flight
MPRegen 0.52/turn

%: wizardry (x1)
@: lethally poisoned (-2 -> -17), flying, slowed, very slow
A: small, no large weapons, nightstalker 3
a: Renounce Religion


You were on level 5 of the Dungeon.
You worshipped Ashenzari.
Ashenzari was noncommittal.
You visited 1 branch of the dungeon, and saw 5 of its levels.

You collected 316 gold pieces.

Inventory:

Hand Weapons
 j - a +0 dagger (weapon)
Missiles
 k - 6 poisoned darts
 p - 12 stones
Armour
 c - a +0 leather armour (worn)
 u - a +0 ring mail
Jewellery
 h - a ring of wizardry (left hand)
 o - an amulet of magic regeneration (around neck)
 q - a ring of flight (right hand)
Scrolls
 e - a scroll of teleportation
 f - 2 scrolls of blinking
 i - a scroll of magic mapping
 l - 3 scrolls of fog {unknown}
 m - 2 scrolls of butterflies {unknown}
Potions
 a - a potion of brilliance {unknown}
 b - a potion of magic
 d - a potion of cancellation
 g - 6 potions of heal wounds
 n - 2 potions of lignification {unknown}
 r - a potion of attraction {unknown}
 s - a potion of mutation {unknown}
 t - a potion of flight {unknown}


   Skills:
 + Level 0.1 Fighting
 + Level 0.3 Short Blades
 + Level 1.2 Armour
 * Level 3.5 Dodging
 * Level 5.2 Stealth
 * Level 3.0 Spellcasting
 + Level 4.6 Conjurations
 + Level 0.2 Translocations


You had 7 spell levels left.
You knew the following spells:

 Your Spells              Type           Power      Damage    Failure   Level
a - Magic Dart            Conj           80%        1d7       1%          1
b - Searing Ray           Conj           40%        2d5       2%          2
c - Apportation           Tloc           6%         N/A       9%          1

Your spell library contained the following spells:

 Spells                   Type           Power      Damage    Failure   Level
 Dazzling Flash           Conj/Hex       22%        N/A       11%         3
 Lesser Beckoning         Tloc           6%         N/A       13%         2
 Gell's Gravitas          Tloc           3%         N/A       26%         3
 Teleport Other           Tloc           3%         N/A       26%         3
 Fulminant Prism          Conj/Hex       5%         3d7       32%         4
 Iskenderun's Mystic Bla  Conj/Tloc      12%        2d5       32%         4
 Alistair's Intoxication  Tmut/Pois      1%         N/A       92%         5


Dungeon Overview and Level Annotations

Branches:
Dungeon (5/15)             Temple (0/1) D:4

Altars:
Ashenzari
Cheibriados
Elyvilon
Fedhas
Hepliaklqana
Nemelex Xobeh
Qazlal
Ru
The Shining One

Shops:
D:4 :


Innate Abilities, Weirdness & Mutations

You are small and have problems with some larger weapons.
You are completely attuned to the shadows.


Message History

Things that are here:
a +0 dagger; a kobold corpse The kobold hits you with a +0 dagger.
You barely miss the kobold.
A scorpion comes into view.
Things that are here:
a +0 dagger; a kobold corpse The kobold brigand throws a curare-tipped dart.
The curare-tipped dart hits you.
You are poisoned.
You have difficulty breathing.
You feel yourself slow down.
Casting: Magic Dart (safe; 1% risk of failure)
Confirm with . or Enter, or press ? or * to list all spells.
Aiming: Searing Ray (safe; 2% risk of failure)
Press: ? - help, Shift-Dir - straight line, f/p - kobold
Aim: a kobold, wielding a +0 dagger and quivering stones (72% to hit)
The searing ray hits the kobold brigand!
The kobold brigand is moderately wounded.
The searing ray hits the kobold!
You kill the kobold! (Press . to maintain the ray.)
You feel very sick.
You hear a shout!
The kobold brigand throws a curare-tipped dart.
The curare-tipped dart hits you.
You are lethally poisoned!
You have difficulty breathing.
* * * LOW HITPOINT WARNING * * *
You feel as though you will be slow longer.
The searing ray hits the kobold brigand.
The kobold brigand is heavily wounded.
The searing ray misses the kobold.
* * * LOW HITPOINT WARNING * * *
You feel extremely sick.
Unknown command.
The searing ray hits the kobold brigand.
The kobold brigand is heavily wounded.
The searing ray hits the kobold.
You kill the kobold!
You die...

.K.......# .........#
.........# #####
.........# #....
.....)...# #....
...##)############....
.. #.# #......'.<.. '
#K# #.######.... #@#
#.# #.... #.#####.#
##### #.......#
#########


You could see a kobold brigand.

Vanquished Creatures
  A howler monkey (D:4)
  2 hounds (D:5)
  2 adders (D:4)
  A white imp (D:5)
  A worm (D:3)
  2 dart slugs
  10 orcs
  5 ball pythons
  5 endoplasms
  A giant cockroach (D:4)
  9 goblins
  5 hobgoblins
  3 quokkas
  A frilled lizard (D:3)
  5 kobolds
  4 rats
57 creatures vanquished.

Notes
Turn   | Place    | Note
-------+----------+-------------------------------------------
     0 | D:1      | ANNNA the Kobold Conjurer began the quest for the Orb.
     0 | D:1      | Reached XP level 1. HP: 10/10 MP: 3/3
   711 | D:1      | Reached XP level 2. HP: 15/15 MP: 3/5
  1052 | D:2      | Learned a level 2 spell: Searing Ray
  1231 | D:2      | Reached skill level 3 in Stealth
  1512 | D:2      | Reached XP level 3. HP: 19/19 MP: 6/6
  1741 | D:3      | Found a faded altar of an unknown god.
  2299 | D:3      | Found a glowing golden altar of the Shining One.
  2750 | D:3      | Learned a level 1 spell: Apportation
  2967 | D:4      | Found Ymuad's Book Emporium.
  3048 | D:4      | Reached skill level 4 in Stealth
  3048 | D:4      | Reached XP level 4. HP: 24/24 MP: 3/7
  3226 | D:4      | Found a white marble altar of Elyvilon.
  3226 | D:4      | Found a snail-covered altar of Cheibriados.
  3230 | D:4      | Found a sparkling altar of Nemelex Xobeh.
  3231 | D:4      | Found a hazy altar of Hepliaklqana.
  3232 | D:4      | Found a broken altar of Ashenzari.
  3254 | D:4      | Reached XP level 5. HP: 28/28 MP: 5/8
  3278 | D:4      | Became a worshipper of Ashenzari the Shackled
  3425 | D:4      | Found a blossoming altar of Fedhas.
  3531 | D:4      | Found a stormy altar of Qazlal.
  3637 | D:4      | Found a staircase to the Ecumenical Temple.
  3694 | D:4      | Found a sacrificial altar of Ru.
  3851 | D:5      | Entered Level 5 of the Dungeon
  3858 | D:5      | Reached skill level 1 in Armour
  3858 | D:5      | Reached skill level 5 in Stealth
  4011 | D:5      | Reached XP level 6. HP: 27/32 MP: 6/10
  4094 | D:5      | Noticed an ogre
  4183 | D:5      | Succumbed to a kobold brigand's curare-tipped dart

Illustrated notes

Levels and vault maps discovered:
D:1:      dpeg_arrival_chambers_temple_mockup, layout_loops_ring,
          dk_noncrumbling_3
D:2:      layout_rooms, feat_on_display
D:3:      layout_loops_corners, nicolae_tso_carved_into_rock,
          basic_ecumenical_altar, minmay_misc_feat_square
D:4:      layout_cave_pools, grunt_temple_overflow_forces_of_nature,
          nicolae_ru_sacrificial_ziggurat, grunt_temple_overflow_open,
          temple_hall_moat, serial_shops, shop
D:5:      layout_basic

Skill      XL: |  1  2  3  4  5 |
---------------+----------------+-----
Stealth        | 3 4 5 |  5.2
Dodging        | 3 |  3.5
Armour         | 1 |  1.2
Spellcasting   | 3 |  3.0
Fighting       | |  0.1
Short Blades   | |  0.3
Conjurations   | |  4.6
Translocations | |  0.2

Action                     |  1- 3 |  4- 6 || total
---------------------------+-------+-------++-------
  Melee: Dagger            |    27 |     9 ||    36
   Cast: Magic Dart        |    39 |    25 ||    64
         Searing Ray       |     4 |    14 ||    18
         Apportation       |     2 |       ||     2
    Use: Scroll            |     5 |       ||     5
   Stab: Sleeping          |     4 |       ||     4
 Armour: Leather armour    |     8 |     5 ||    13
  Dodge: Dodged            |    16 |    24 ||    40
